 Dungeon Crawl Stone Soup version 0.25-a0-634-gd1561dc703 (webtiles) character file.

Game seed: 12940624674626654671, levelgen mode: deterministic

196 DasRunzen the Firebug (level 5, -4/55 HPs)
             Began as an Ogre Fire Elementalist on Mar 20, 2020.
             Slain by Robin
             ... wielding a +0 falchion
              (5 damage)
             ... on level 3 of the Dungeon.
             The game lasted 00:12:08 (2790 turns).

DasRunzen the Firebug (Ogre Fire Elementalist)      Turns: 2790, Time: 00:12:09

Health: -4/55      AC:  3    Str: 15    XL:     5   Next: 75%
Magic:  9/9        EV: 10    Int: 17    God:
Gold:   85         SH:  0    Dex:  9    Spells: 9/10 levels left

rFire    + . .     SeeInvis .   m - +1 mace (holy)
rCold    + . .     Gourm    .   (no shield)
rNeg     + . .     Faith    .   a - +0 robe
rPois    .         Spirit   .   (helmet restricted)
rElec    +         Reflect  .   d - scarf {rC+ rF+}
rCorr    .         Harm     .   (gloves unavailable)
MR       .....     Rnd*Rage +   (boots unavailable)
Stlth    +.........             h - amulet of the acrobat
HPRegen  0.18/turn              g - ring of positive energy
MPRegen  0.11/turn              e - +3 ring of strength

@: berserk cooldown, slowed, very slow
A: large, unfitting armour, hooves 1, berserk 1, robust 1, electricity
resistance, tough skin 1
a: no special abilities


You were on level 3 of the Dungeon.
You were not hungry.

You visited 1 branch of the dungeon, and saw 3 of its levels.

You collected 85 gold pieces.

Inventory:

Hand Weapons
 m - a +1 mace of holy wrath (weapon)
Armour
 a - a +0 robe (worn)
 d - a scarf of resistance (worn)
Jewellery
 e - a +3 ring of strength (right hand)
 g - a ring of positive energy (left hand)
 h - an amulet of the acrobat (around neck)
Scrolls
 b - a scroll of teleportation
 i - a scroll of fog
Potions
 j - 2 potions of invisibility
 l - a potion of brilliance {unknown}
 o - a potion of haste
Comestibles
 c - 5 rations
 k - a chunk of flesh


   Skills:
 + Level 2.6 Fighting
 + Level 1.8 Maces & Flails
 + Level 2.6 Dodging
 - Level 1.4 Stealth
 + Level 3.3 Spellcasting
 + Level 2.0 Conjurations
 + Level 3.3 Fire Magic


You had 9 spell levels left.
You knew the following spells:

 Your Spells              Type           Power        Failure   Level  Hunger
a - Foxfire               Conj/Fire      ##..         5%          1    None

Your spell library contained the following spells:

 Spells                   Type           Power        Failure   Level  Hunger
 Conjure Flame            Conj/Fire      ##......     17%         3    ###....
 Inner Flame              Hex/Fire       #.......     26%         3    ###....
 Sticky Flame             Conj/Fire      ##......     50%         4    ####...
 Fireball                 Conj/Fire      ##........   83%         5    ######.


Dungeon Overview and Level Annotations

Branches:
Dungeon (3/15)

Altars:

Annotations:
D:3 Robin


Innate Abilities, Weirdness & Mutations

You are too large for most types of armour.
You have tough skin. (AC +1)
You have large cloven feet.
You tend to lose your temper in combat.
You are robust. (+10% HP)
You are resistant to electric shocks. (rElec)


Message History

You feel better.
Robin roars a battlecry!
The goblins go into a battle-frenzy!
The goblin closely misses you.
Unknown command.
You barely miss the goblin. Robin hits you with a +0 falchion.
* * * LOW HITPOINT WARNING * * *
The goblin hits you.
* * * LOW HITPOINT WARNING * * *
Robin hits you with a +0 falchion.
* * * LOW HITPOINT WARNING * * *
The goblin hits you.
* * * LOW HITPOINT WARNING * * *
You hit the goblin.
The goblin is severely wounded.
Robin hits you with a +0 falchion!
* * * LOW HITPOINT WARNING * * *
The goblin closely misses you. The goblin barely misses you.
Robin hits you with a +0 falchion.
You die...

#### ##### .(. #...
######g##.## ...g.......#
.#####.##g.# #. #..# #.
#..####### .. #..gg@g>.#
###.##...####.# ...#
#........(.##.# ###########
.#..# #.#.##.#.#.##.#
#†......).. ....#
#.#.##.#.#.##.# #.#########
#..###...##.#.#.##.###.######
#
##...........#.#.##..........#
#
..........#.#.#.##...######.#
# #.##.................# #.# #


You could see Robin, a hobgoblin and a goblin.

Vanquished Creatures
  Jessica (D:2)
  Terence (D:2)
  6 adders
  An ooze (D:2)
  2 dart slugs
  3 leopard geckos
  5 bats
  4 giant cockroaches (D:2)
  13 goblins
  15 hobgoblins
  2 jackals (D:2)
  5 kobolds
  A quokka (D:3)
  A ball python (D:2)
  7 frilled lizards
  12 rats
79 creatures vanquished.

Vanquished Creatures (others)
  126 foxfires
126 creatures vanquished.

Grand Total: 205 creatures vanquished

Notes
Turn   | Place    | Note
-------+----------+-------------------------------------------
     0 | D:1      | DasRunzen the Ogre Fire Elementalist began the quest for
                  | the Orb.
     0 | D:1      | Reached XP level 1. HP: 16/16 MP: 3/3
    76 | D:1      | Reached skill level 1 in Conjurations
   224 | D:1      | Reached XP level 2. HP: 21/26 MP: 1/5
   912 | D:2      | Noticed Jessica
   921 | D:2      | Killed Jessica
   921 | D:2      | Reached skill level 1 in Fighting
   921 | D:2      | Reached skill level 1 in Maces & Flails
   921 | D:2      | Reached XP level 3. HP: 33/33 MP: 2/7
  1244 | D:2      | Reached XP level 4. HP: 32/41 MP: 8/8
  1713 | D:2      | Reached XP level 5. HP: 39/49 MP: 5/9
  2024 | D:2      | Noticed Terence
  2056 | D:2      | Killed Terence
  2396 | D:2      | Gained mutation: You are resistant to electric shocks.
                  | (rElec) [potion of mutation]
  2396 | D:2      | Gained mutation: You have large cloven feet. [potion of
                  | mutation]
  2396 | D:2      | Gained mutation: You tend to lose your temper in combat.
                  | [potion of mutation]
  2396 | D:2      | Gained mutation: You are robust. (+10% HP) [potion of
                  | mutation]
  2744 | D:3      | Noticed Robin
  2790 | D:3      | HP: 1/55 [Robin/+0 falchion (7)]
  2790 | D:3      | Slain by Robin

Levels and vault maps discovered:
D:1:      dpeg_arrival_rhombus, layout_basic
D:2:      minmay_thinvault, layout_basic, uniq_jessica, uniq_terence
D:3:      layout_loops_ring, uniq_robin

Skill      XL: |  1  2  3  4  5 |
---------------+----------------+-----
Conjurations   | 1 2 |  2.0
Dodging        | 2 |  2.6
Fighting       | 1 2 |  2.6
Maces & Flails | 1 |  1.8
Fire Magic     | 3 |  3.3
Spellcasting   | 3 |  3.3
Stealth        | |  1.4

Action                   |  1- 3 |  4- 6 || total
-------------------------+-------+-------++-------
Melee: Club              |    85 |    21 ||   106
       Mace              |       |    63 ||    63
       Kick              |       |     2 ||     2
 Cast: Foxfire           |    20 |    53 ||    73
  Use: Scroll            |     4 |     6 ||    10
       Potion            |       |     3 ||     3
 Stab: Sleeping          |     3 |       ||     3
  Eat: Chunk             |     1 |     5 ||     6
Armor: Robe              |    28 |    33 ||    61
Dodge: Dodged            |    47 |    81 ||   128

Table legend:
 A = Non-vault XP
 B = Vault XP
 C = Vault XP percentage of total XP
 D = Non-vault monster count
 E = Vault monster count
 F = Vault count percentage of total count
                 A         B        C        D         E       F
            +---------+---------+-------+---------+---------+-------
      Total |     122 |     159 |  56.6 |      52 |      27 |  34.2
            +---------+---------+-------+---------+---------+-------
        D:1 |      28 |       0 |   0.0 |      16 |       0 |   0.0
        D:2 |      68 |     140 |  67.3 |      27 |      17 |  38.6
        D:3 |      26 |      19 |  42.2 |       9 |      10 |  52.6
            +---------+---------+-------+---------+---------+-------
